 Dungeon Crawl Stone Soup version 0.18-a0-1643-gb89d9db (webtiles) character file.

7970 4thArraOfDagon the Spear-Bearer (level 11, -2/83 HPs)
             Began as a Merfolk Wizard on Mar 28, 2016.
             Was an Elder of Qazlal.
             Slain by a two-headed ogre
             ... wielding a +0 dire flail
              (11 damage)
             ... on level 11 of the Dungeon.
             The game lasted 00:42:08 (7838 turns).

4thArraOfDagon the Spear-Bearer (Merfolk Wizard)    Turns: 7838, Time: 00:42:09

Health: -2/83      AC: 10    Str:  8    XL:     11   Next: 23%
Magic:  18/18      EV: 16    Int: 24    God:    Qazlal [****..]
Gold:   253        SH:  5    Dex: 16    Spells: 5 memorised, 6 levels left

rFire  + . .     SeeInvis .     U - +1 glaive
rCold  . . .     Gourm    .     M - +3 leather armour
rNeg   . . .     Faith    .     (shield currently unavailable)
rPois  .         Spirit   .     b - +0 hat
rElec  .         Dismiss  .     v - +2 cloak
rCorr  .         Reflect  .     (no gloves)
SustAt .         Harm     .     f - +0 pair of boots
MR     .....                    (no amulet)
Stlth  +.........               h - +5 ring of intelligence
                                F - +2 ring of dexterity

@: repel missiles, not resistant to hostile enchantments, very unstealthy
A: change form in water, swift swim, fire resistance 1, low mp 1, subdued magic
1
a: Upheaval, Elemental Force, Renounce Religion


You were on level 11 of the Dungeon.
You worshipped Qazlal.
Qazlal was greatly pleased with you.
You were not hungry.

You visited 1 branch of the dungeon, and saw 12 of its levels.

You collected 467 gold pieces.
You spent 214 gold pieces at shops.

Inventory:

Hand Weapons
 e - a +1 short sword
 u - a +2 quarterstaff of chaos
 C - a cursed -1 arbalest
 I - a +0 halberd
 K - a +0 trident
 Q - a +3 spear
 U - a +1 glaive (weapon)
 X - a +0 blowgun
Missiles
 J - 4 javelins (quivered)
 R - a throwing net
 Y - 10 poisoned needles
Armour
 b - a +0 hat (worn)
 f - a +0 pair of boots (worn)
 v - a +2 cloak (worn)
 M - a +3 leather armour (worn)
Jewellery
 h - a +5 ring of intelligence (right hand)
 F - a +2 ring of dexterity (left hand)
 P - an uncursed ring of fire
 S - an uncursed ring of positive energy
 V - an uncursed ring of magical power {unknown}
Wands
 p - a wand of acid (0/15)
 z - a wand of hasting (0/9)
 E - a wand of teleportation (1/9)
 T - a wand of iceblast (8/15)
 Z - a wand of slowing (44/48)
Scrolls
 g - a scroll of noise
 j - a scroll of identify
 m - a scroll of magic mapping
 o - 4 scrolls of enchant armour
 w - 4 scrolls of remove curse
 x - 2 scrolls of amnesia {unknown}
 A - 2 scrolls of enchant weapon
 H - 2 scrolls of torment
 N - 2 scrolls of recharging {unknown}
Potions
 c - a potion of lignification
 i - a potion of cancellation {unknown}
 k - a potion of degeneration {unknown}
 n - 2 potions of might
 r - a potion of flight {unknown}
 s - a potion of haste {unknown}
 t - 2 potions of berserk rage {unknown}
 D - a potion of brilliance
 G - a potion of ambrosia
 O - a potion of magic {unknown}
Books
 y - a book of the Dragon

   Spells                             Type                      Level
   a - Flame Tongue                   Conjuration/Fire             1
   b - Cause Fear                     Hexes                        4
   c - Bolt of Fire                   Conjuration/Fire             6
   d - Dragon Form                    Transmutation                7
   e - Dragon's Call                  Summoning                    9
 B - a book of the Earth

   Spells                             Type                      Level
   a - Leda's Liquefaction            Hexes/Earth                  4
   b - Bolt of Magma                  Conjuration/Fire/Earth       5
   c - Statue Form                    Transmutation/Earth          6
   d - Iron Shot                      Conjuration/Earth            6
   e - Shatter                        Earth                        9
Comestibles
 d - 4 bread rations
 l - a chunk of flesh
 q - 2 meat rations
 W - 8 royal jellies


   Skills:
 + Level 6.7 Fighting
 * Level 9.7 Polearms
 + Level 7.3 Dodging
 - Level 2.1 Stealth
 - Level 3.7 Unarmed Combat
 + Level 6.3 Spellcasting
 - Level 2.2 Conjurations
   Level 1.0 Summonings
 - Level 0.7 Translocations
 * Level 8.0 Transmutations
 - Level 2.4 Air Magic
 * Level 5.3 Earth Magic
 - Level 3.1 Poison Magic
 + Level 4.4 Invocations


You had 6 spell levels left.
You knew the following spells:

 Your Spells              Type           Power        Failure   Level  Hunger
b - Blink                 Tloc           N/A          7%          2    None
c - Repel Missiles        Chrm/Air       #.....       5%          2    None
d - Mephitic Cloud        Conj/Pois/Air  ##......     7%          3    None
e - Statue Form           Trmt/Erth      ####.....    87%         6    ######.
f - Conjure Flame         Conj/Fire      #.......     13%         3    None


Dungeon Overview and Level Annotations

Branches:
Dungeon (12/15)            Temple (0/1) D:6            Lair (0/8) D:11
    Orc: D:9-12

Altars:
Elyvilon
Fedhas
Gozag
Kikubaaqudgha
Makhleb
Qazlal
Sif Muna
Trog

Shops:
D:5 !   D:8 [

Annotations:
D:3 Foomius's ghost, amateur DsNe
D:5 Eustachio
D:11 Harold


Innate Abilities, Weirdness & Mutations

You revert to your normal form in water.
You are very nimble and swift while swimming.
Your flesh is heat resistant.
Your magical capacity is low (-10% MP).
Your spells are a little easier to cast, but a little less powerful.


Message History

* * * LOW HITPOINT WARNING * * *
A killer bee comes into view.
Unknown command.
Unknown command.
Read which item? (? for menu, Esc to quit)
As you read the scroll of fear, it crumbles to dust.
You assume a fearsome visage.
The two-headed ogre easily resists.
The killer bee looks frightened! x2; The big kobold looks frightened!
The kobold looks frightened!
You hear a trumpeting!
The killer bee moves out of view.
The two-headed ogre misses you. x2
Unknown command.
You hear a trumpeting!
You hear an angry hiss. 2 killer bees come into view.
Unknown command.
Drink which item? (? for menu, Esc to quit)
You feel better.
You hear an angry hiss.
The two-headed ogre hits you with a dire flail!
You die...

,,,,,,,,,,* **,*,*,******,* *,*
*****,,,*,******,**.# **,** *,*
,,****,,,,,,,,,,,**.#****,,,***,,
,,,,,,,,*,*********..,,,,,*,,**,*
,,*****,*,* ##***.#****,,,,**,*
,,* *,*,* #.,,,.# **,,,,,,, ,,*
*,*,#####.###.# ***,***,
,,*****,*.#....§§§..##### *,* *,
,,,,,,,,,...y.§.@O....K.# *,* *,
,,,,,,,,,.y.###.###.###K# *,* *,
*,*,*****,,** #.* *.# #K# *,* *,
*,*,* *,,* #.* *.# #K# *,* *,
*,,,** *,,* #.* *.# #K#***,***,
,,,,,* *,,* #.* *.# #yK,,,,,,,,
*,**,***#..#**#.***Y#*#.#***,****
*,**,,,,....,,..**>..*#.#***,*
,,******#...,,,,,***#,...,*******


You could see a two-headed ogre, a big kobold (inner flame), 2 killer bees and a
kobold (inner flame).

Vanquished Creatures
  Maurice (D:8)
  A troll (D:9)
  Prince Ribbit (D:5)
  Grinder (D:4)
  A shadow (D:12)
  2 wyverns
  18 yaks
  A basilisk (D:12)
  2 hippogriffs (D:10)
  Grum (D:8)
  Duvessa (D:4)
  2 orc warriors
  An ice beast (D:7)
  A sky beast (D:6)
  5 ogres
  4 phantoms
  3 wolves (D:8)
  5 centaurs
  Blork the orc (D:5)
  2 big kobolds
  2 giant frogs
  A scorpion (D:6)
  Dowan (D:4)
  A troll zombie (D:9)
  A howler monkey (D:6)
  4 wights (D:12)
  A crimson imp (D:10)
  A giant frog zombie (D:12)
  4 jellies
  2 centaur zombies
  4 hounds
  4 orc priests
  A giant frog skeleton (D:9)
  Crazy Yiuf (D:2)
  3 iron imps (D:6)
  2 centaur skeletons
  Ijyb (D:3)
  3 iguanas
  4 orc wizards
  4 worker ants
  2 ogre zombies (D:9)
  6 adders
  4 gnolls (D:6)
  3 shadow imps
  A white imp (D:9)
  6 oozes
  4 adder skeletons
  A worm (D:6)
  2 giant geckos
  30 orcs
  2 giant cockroaches
  2 goblins (D:2)
  5 hobgoblins
  14 jackals
  3 quokkas
  3 ball pythons (D:4)
  7 bats
  16 giant newts
  3 hobgoblin skeletons (D:9)
  16 kobolds
  An orc skeleton (D:9)
  8 orc zombies (D:9)
  11 rats
  A bush (D:6)
  A fungus (D:7)
  A plant (D:6)
252 creatures vanquished.

Vanquished Creatures (others)
  A worker ant zombie (D:9)
1 creature vanquished.

Grand Total: 253 creatures vanquished

Notes
Turn   | Place    | Note
--------------------------------------------------------------
     0 | D:1      | 4thArraOfDagon the Merfolk Wizard began the quest for the Orb.
     0 | D:1      | Reached XP level 1. HP: 13/13 MP: 4/4
    19 | D:1      | Reached skill level 1 in Conjurations
   208 | D:1      | Reached XP level 2. HP: 14/19 MP: 1/6
   212 | D:1      | Learned a level 2 spell: Blink
   215 | D:1      | Learned a level 2 spell: Repel Missiles
   564 | D:2      | Found a stormy altar of Qazlal.
   574 | D:2      | Became a worshipper of Qazlal Stormbringer
   618 | D:2      | Reached skill level 1 in Fighting
   618 | D:2      | Reached XP level 3. HP: 23/26 MP: 2/7
   736 | D:2      | Noticed Crazy Yiuf
   742 | D:2      | Killed Crazy Yiuf
   742 | D:2      | Reached XP level 4. HP: 32/34 MP: 4/8
  1038 | D:3      | Learned a level 3 spell: Mephitic Cloud
  1106 | D:3      | Reached * piety under Qazlal
  1327 | D:3      | Noticed Ijyb
  1364 | D:3      | Killed Ijyb
  1364 | D:3      | Reached XP level 5. HP: 36/41 MP: 6/9
  1435 | D:4      | Reached skill level 1 in Air Magic
  1435 | D:4      | Reached skill level 1 in Poison Magic
  1504 | D:4      | Noticed an ogre
  1507 | D:4      | Killed an ogre
  1507 | D:4      | Reached skill level 1 in Unarmed Combat
  1507 | D:4      | Reached XP level 6. HP: 45/47 MP: 8/10
  1538 | D:4      | Noticed Duvessa
  1538 | D:4      | Noticed Dowan
  1556 | D:4      | Killed Dowan
  1558 | D:4      | Killed Duvessa
  1558 | D:4      | Reached XP level 7. HP: 51/53 MP: 11/11
  2111 | D:5      | Entered Level 5 of the Dungeon
  2232 | D:5      | Found an ancient bone altar of Kikubaaqudgha.
  2402 | D:6      | Found a bloodstained altar of Trog.
  2446 | D:6      | Reached ** piety under Qazlal
  2640 | D:6      | Reached skill level 1 in Polearms
  2811 | D:8      | Noticed a wyvern
  2871 | D:7      | Found a blossoming altar of Fedhas.
  2927 | D:7      | Reached skill level 2 in Polearms
  3055 | D:7      | Reached XP level 8. HP: 49/61 MP: 12/14
  3063 | D:7      | Learned a level 6 spell: Statue Form
  3421 | D:6      | Reached skill level 3 in Polearms
  3458 | D:6      | Found a deep blue altar of Sif Muna.
  3458 | D:6      | Found a blossoming altar of Fedhas.
  3458 | D:6      | Found an opulent altar of Gozag.
  3547 | D:5      | Found Kalu's Distillery.
  3552 | D:5      | Bought a potion of mutation for 32 gold pieces
  3552 | D:5      | Bought a potion of might for 52 gold pieces
  3552 | D:5      | Bought 2 potions of heal wounds for 130 gold pieces
  3552 | D:5      | Gained mutation: Your flesh is heat resistant. [potion of mutation]
  3552 | D:5      | Gained mutation: Your magical capacity is low (-10% MP). [potion of mutation]
  3552 | D:5      | Gained mutation: Your spells are a little easier to cast, but a little less powerful. [potion of mutation]
  3595 | D:5      | Found a bloodstained altar of Trog.
  3605 | D:5      | Reached skill level 4 in Polearms
  3605 | D:5      | Reached skill level 1 in Transmutations
  3694 | D:5      | Noticed Blork the orc
  3706 | D:5      | Killed Blork the orc
  3730 | D:6      | Reached skill level 1 in Earth Magic
  3864 | D:6      | Found a staircase to the Ecumenical Temple.
  3893 | D:6      | Found a burning altar of Makhleb.
  4115 | D:5      | Noticed Prince Ribbit
  4354 | D:5      | Noticed Eustachio
  4662 | D:3      | Reached *** piety under Qazlal
  4670 | D:3      | Reached skill level 5 in Fighting
  4927 | D:3      | Noticed Foomius's ghost (amateur DsNe)
  5163 | D:4      | Noticed Grinder
  5191 | D:4      | Paralysed by Grinder for 6 turns
  5215 | D:4      | Paralysed by Grinder for 5 turns
  5228 | D:4      | Paralysed by Grinder for 4 turns
  5233 | D:4      | Paralysed by Grinder for 4 turns
  5242 | D:4      | Killed Grinder
  5242 | D:4      | Reached skill level 5 in Polearms
  5242 | D:4      | Reached skill level 5 in Spellcasting
  5242 | D:4      | Reached skill level 1 in Invocations
  5242 | D:4      | Reached XP level 9. HP: 19/68 MP: 13/14
  5510 | D:5      | Found a white marble altar of Elyvilon.
  5528 | D:5      | Killed Prince Ribbit
  5961 | D:8      | Reached skill level 6 in Polearms
  6048 | D:8      | Found Xiteotant's Armour Shop.
  6183 | D:8      | Reached skill level 5 in Dodging
  6210 | D:8      | Noticed Maurice
  6211 | D:8      | Killed Maurice
  6243 | D:8      | Reached skill level 7 in Polearms
  6257 | D:8      | Reached skill level 5 in Transmutations
  6567 | D:8      | Reached XP level 10. HP: 66/76 MP: 13/16
  6593 | D:8      | Noticed Grum
  6613 | D:8      | Killed Grum
  6867 | D:9      | Reached skill level 8 in Polearms
  7222 | D:9      | You fall through a shaft for 3 floors!
  7223 | D:12     | OH NO
  7276 | D:12     | Reached skill level 9 in Polearms
  7517 | D:12     | Reached XP level 11. HP: 23/83 MP: 12/18
  7522 | D:12     | Reached skill level 5 in Earth Magic
  7537 | D:12     | Noticed a hill giant
  7591 | D:12     | Noticed a cyclops
  7603 | D:11     | Noticed Harold
  7609 | D:10     | Entered Level 10 of the Dungeon
  7747 | D:10     | Reached **** piety under Qazlal
  7777 | D:10     | Learned a level 3 spell: Conjure Flame
  7835 | D:11     | HP: 1/83 [two-headed ogre/dire flail (18)]
  7838 | D:11     | Slain by a two-headed ogre

Vault maps used:
D:1:      co_arrival_two_rings
D:2:      nicolae_overflow_crystal_walls, minmay_newt_pond,
          uniq_crazy_yiuf_cottage
D:3:      uniq_iyjb
D:4:      kennysheep_small_circle, uniq_duvessa, uniq_grinder
D:5:      lemuel_crystal_altar, nicolae_ru_path_of_blood, kennysheep_mini_moat,
          serial_shops, kennysheep_little_box, first_bread,
          trog_three_pillars_becter, uniq_eustachio, uniq_prince_ribbit1,
          uniq_blork_the_orc
D:6:      demons_altar, bloody_trog, gammafunk_temple_overflow_forgotten,
          minmay_temple_entry_junction2
D:7:      grunt_decor_resistance, fedhas_altar_3
D:8:      serial_shops, shop, uniq_maurice, uniq_grum
D:9:      grunt_temple_overflow_order_and_chaos_1, lemuel_doored_altar,
          zombieorc2_lemuel, serial_ice, serial_ice_k, serial_ice_a,
          serial_ice_c, serial_ice_o, hangedman_little_slice_of_home,
          kennysheep_cross_bottleneck
D:10:     makhleb_altar_promises_db
D:11:     david_lair_generic, enter_bailey_3, special_room, uniq_harold,
          uniq_snorg, uniq_josephine, uniq_fannar, uniq_erolcha
D:12:     serial_shops, nicolae_shop_behind_doors

Skill      XL: |  1  2  3  4  5  6  7  8  9 10 11 |
---------------+----------------------------------+-----
Conjurations   | 1 2 |  2.2
Fighting       | 1 2 3 4 5 6 |  6.7
Air Magic      | 1 2 |  2.4
Poison Magic   | 2 3 |  3.1
Unarmed Combat | 1 3 |  3.7
Dodging        | 3 4 5 6 7 |  7.3
Polearms       | 2 5 7 9 |  9.7
Spellcasting   | 4 5 6 |  6.3
Transmutations | 3 5 7 8 |  8.0
Earth Magic    | 1 3 4 5 |  5.3
Invocations    | 1 2 4 |  4.4
Stealth        | |  2.1
Summonings     | |  1.0
Translocations | |  0.7

Action                   |  1- 3 |  4- 6 |  7- 9 | 10-12 || total
-------------------------+-------+-------+-------+-------++-------
Melee: Short sword       |    42 |    88 |     4 |       ||   134
       Unarmed           |       |       |   103 |       ||   103
       Halberd           |       |       |   403 |    17 ||   420
       Spear             |       |       |    77 |       ||    77
       Glaive            |       |       |       |   265 ||   265
Throw: Throwing net      |       |       |     3 |       ||     3
 Cast: Magic Dart        |    55 |    22 |    33 |       ||   110
       Repel Missiles    |     1 |       |     2 |     1 ||     4
       Mephitic Cloud    |       |       |     1 |    24 ||    25
Invok: Upheaval          |       |       |     9 |     2 ||    11
Evoke: Wand              |     1 |    11 |     3 |     2 ||    17
  Use: Scroll            |     2 |       |     7 |    10 ||    19
       Potion            |       |       |     5 |     4 ||     9
 Stab: Sleeping          |     1 |       |       |       ||     1
       Confused          |       |       |       |    19 ||    19
  Eat: Chunk             |       |     3 |    15 |     3 ||    21
       Pizza             |       |       |     1 |     1 ||     2
       Royal jelly       |       |       |     1 |     2 ||     3
